 Dungeon Crawl Stone Soup version 0.28.0-45-g0d030f2227 (webtiles) character file.

Game seed: 8960783104859296085

9245 Zeor the Cruncher (level 11, -5/66 HPs)
             Began as a Gargoyle Gladiator on Apr 10, 2022.
             Was a Priest of Wu Jian.
             Slain by a meliai
             ... wielding a +0 hand axe of flaming
              (6 damage)
             ... on level 10 of the Dungeon.
             The game lasted 00:48:32 (10986 turns).

Zeor the Cruncher (Gargoyle Gladiator)             Turns: 10986, Time: 00:48:33

Health: -5/66      AC: 23    Str: 22    XL:     11   Next: 43%
Magic:  11/11      EV: 13    Int:  9    God:    Wu Jian [***...]
Gold:   555        SH:  0    Dex: 11    Spells: 10/10 levels left

rFire   . . .      SeeInvis .   F - +0 quarterstaff (spect)
rCold   + . .      Faith    +   (shield currently unavailable)
rNeg    + . .      Spirit   .   x - +3 chain mail {rC+}
rPois   ∞          Reflect  .   c - +0 helmet
rElec   +          Harm     .   (no cloak)
rCorr   .          Rampage  .   (no gloves)
Will    .....                   (no boots)
Stlth   ..........              s - amulet of faith
HPRegen 0.21/turn               f - +4 ring of evasion
MPRegen 0.12/turn               (no ring)

@: serpent's lash, very slow
A: sickness immunity, AC +8, negative energy resistance 1, electricity
resistance, torment resistance 1, petrification resistance
a: Renounce Religion, Wall Jump, Serpent's Lash


You were on level 10 of the Dungeon.
You worshipped Wu Jian.
Wu Jian was most pleased with you.
You visited 2 branches of the dungeon, and saw 11 of its levels.
You also visited: Sewer.

You collected 555 gold pieces.

Inventory:

Hand Weapons
 a - a +2 quarterstaff of draining
 z - a +2 whip of venom
 D - a +0 arbalest
 F - a +0 spectral quarterstaff (weapon)
Missiles
 d - 5 throwing nets (quivered)
 h - 76 bolts
 j - 6 atropa-tipped darts
 y - 6 curare-tipped darts
Armour
 b - a +1 hat
 c - a +0 helmet (worn)
 x - a +3 chain mail of cold resistance (worn)
Jewellery
 f - a +4 ring of evasion (left hand)
 k - a ring of flight
 s - an amulet of faith (around neck)
Wands
 i - a wand of iceblast (18)
 l - a wand of digging (11)
 v - a wand of flame (10)
 J - a wand of paralysis (6)
Scrolls
 g - 3 scrolls of blinking
 n - 3 scrolls of fog
 o - a scroll of brand weapon
 q - 2 scrolls of immolation
 w - 6 scrolls of teleportation
 B - a scroll of magic mapping
 C - a scroll of holy word
 E - a scroll of enchant weapon
 H - a scroll of summoning
 I - a scroll of fear
Potions
 e - 3 potions of mutation
 m - 5 potions of flight
 r - 2 potions of magic
 t - a potion of ambrosia
 u - a potion of berserk rage
 A - a potion of haste
 G - a potion of curing


   Skills:
 + Level 6.6 Fighting
 * Level 13.9 Staves
 + Level 1.9 Throwing
 * Level 9.4 Armour
 + Level 3.9 Dodging


You had 10 spell levels left.
You didn't know any spells.
Your spell library contained the following spells:

 Spells                   Type           Power      Damage    Failure   Level
 Inner Flame              Hex/Fire       0%         N/A       100%        3
 Summon Guardian Golem    Hex/Summ       0%         N/A       100%        3
 Cause Fear               Hex            0%         N/A       100%        4
 Petrify                  Tmut/Erth      0%         N/A       100%        4
 Irradiate                Conj/Tmut      0%         3d13      100%        5
 Orb of Destruction       Conj           0%         9d5       100%        7
 Spellforged Servitor     Conj/Summ      0%         N/A       100%        7
 Discord                  Hex            0%         N/A       100%        8
 Sublimation of Blood     Necr           Unusable   N/A       N/A         2

Dungeon Overview and Level Annotations

Branches:
Dungeon (10/15)            Temple (1/1) D:6            Lair (0/6) D:10
    Orc (0/2) D:9           Sewer (visited)

Altars:
Ashenzari
Cheibriados
Dithmenos
Elyvilon
Fedhas
Gozag
Hepliaklqana
Kikubaaqudgha
Makhleb
Nemelex Xobeh
Okawaru
Qazlal
Ru
Sif Muna
Trog
Uskayaw
Vehumet
Wu Jian
Xom
Yredelemnul
Zin
The Shining One
Beogh

Shops:
D:2 =   D:5 :   D:6 (


Innate Abilities, Weirdness & Mutations

You are immune to sickness and miasma.
Your stone body is resilient. (AC +8)
You are immune to poison.
You resist negative energy. (rN+)
You are resistant to electric shocks. (rElec)
You are resistant to unholy torment.
You are immune to petrification.


Message History

You sock the meliai!
The meliai is moderately wounded.
You miss the meliai.
The meliai is moderately wounded.
Your +0 spectral quarterstaff hits the meliai!
The meliai mumbles some strange prayers to its god against you.
Something smites you!
* * * LOW HITPOINT WARNING * * *
The meliai calls upon its god to heal the meliai.
The meliai is healed somewhat.
The meliai invokes the aid of its god against you.
Something smites you!
* * * LOW HITPOINT WARNING * * *
The meliai calls upon its god to heal the meliai.
The meliai is healed somewhat.
You sock the meliai!
The meliai is moderately wounded.
Your +0 spectral quarterstaff hits the meliai but does no damage.
The meliai hits you but does no damage.
The meliai barely misses your +0 spectral quarterstaff.
The meliai stings you but does no damage.
The meliai calls upon its god to heal the meliai.
The meliai is healed somewhat.
Okay, then.
Your muscles tense, ready for explosive movement...
You enter the shallow water.
Moving in this stuff is going to be slow.
You spin and attack the meliai, with incredible momentum.
You hit the meliai.
The meliai is lightly wounded.
You closely miss the meliai.
The meliai is moderately wounded.
Your +0 spectral quarterstaff barely misses the meliai.
The meliai hits you but does no damage.
The meliai hits your +0 spectral quarterstaff with a +0 hand axe of electrocution.
Your spectral weapon shares its damage with you!
* * * LOW HITPOINT WARNING * * *
The meliai barely misses you.
The meliai hits you with a +0 hand axe of flaming.
You die...

≈∙∙≈≈≈≈∙≈≈∙≈≈≈▒▒▒▒♣∙∙∙∙∙P∙♣▒▒
∙∙∙∙(∙∙∙∙∙∙∙∙∙▒∙∙∙∙∙▒▒
≈∙∙∙∙≈≈≈≈▒▒▒▒▒▒∙▒▒▒∙▒
∙∙∙∙∙(∙∙∙∙∙∙∙∙∙∙▒ ∙▒
∙∙∙∙∙∙∙∙∙∙▒▒▒▒▒∙▒ ▒
≈≈∙≈≈≈≈≈∙▒▒ ▒▒▒
≈≈∙≈≈≈≈≈∙▒▒▒▒▒▒
≈≈∙≈≈≈yy(∙∙∙∙∙▒
∙≈∙≈≈≈≈9○∙∙∙∙∙■
∙≈∙≈≈≈≈≈∙∙∙∙∙∙▒
∙∙∙≈≈≈≈≈∙▒▒∙▒▒▒ ≈∙∙≈≈≈≈≈∙▒ ∙▒
≈∙∙≈≈≈≈≈∙▒ ▒ ≈∙∙≈≈≈≈≈∙▒
≈∙∙≈≈≈≈≈∙▒ ≈∙>≈≈≈≈≈∙▒
≈∙≈≈≈≈≈∙▒


You could see 2 meliai and a friendly +0 spectral quarterstaff (summoned).

Vanquished Creatures
  Harold (D:8)
  Joseph (D:8)
  An unseen horror (D:8)
  2 trolls (D:10)
  A meliai (D:10)
  4 yaks (D:6)
  2 wyverns
  2 basilisks (D:10)
  A steam dragon (D:6)
  Grum (D:8)
  2 acid dragons (D:9)
  Duvessa (D:7)
  7 water moccasins
  5 orc warriors
  2 ice beasts (D:7)
  5 black bears
  A sky beast (D:6)
  2 ogres
  5 wolves
  3 centaurs
  2 bullfrogs
  A wyvern zombie (D:5)
  4 gnoll sergeants
  4 scorpions
  Dowan (D:7)
  8 killer bees (D:9)
  5 wights (D:9)
  3 electric eels (D:10)
  6 howler monkeys
  A bullfrog zombie (D:6)
  3 orc priests
  2 gnoll shamans
  2 hounds (D:5)
  2 jellies (D:7)
  2 iguanas
  6 orc wizards
  A scorpion zombie (D:5)
  Natasha (twice) (D:3)
  A killer bee zombie (D:7)
  A hound skeleton (D:4)
  26 gnolls
  A howler monkey skeleton (D:7)
  12 adders
  6 river rats
  2 ufetubi
  An adder skeleton (D:4)
  6 worms
  2 dart slugs
  32 orcs
  9 bats
  6 endoplasms
  10 giant cockroaches
  7 goblins
  6 hobgoblins
  5 jackals (Sewer)
  7 quokkas
  15 ball pythons
  A frilled lizard (D:1)
  8 kobolds
  6 rats
274 creatures vanquished.

Vanquished Creatures (others)
  Sigmund (D:6)
  A gnoll (D:8)
  A shadow imp (D:6)
  2 fungi (D:10)
  13 plants (D:10)
18 creatures vanquished.

Grand Total: 292 creatures vanquished

Notes
Turn   | Place    | Note
-------+----------+-------------------------------------------
     0 | D:1      | Zeor the Gargoyle Gladiator began the quest for the Orb.
     0 | D:1      | Reached XP level 1. HP: 12/12 MP: 1/1
   134 | D:1      | Reached XP level 2. HP: 17/17 MP: 2/2
   593 | D:1      | Found a faded altar of an unknown god.
   602 | D:1      | Reached XP level 3. HP: 18/21 MP: 3/3
  1031 | D:2      | Reached skill level 4 in Staves
  1514 | D:2      | Found Inlim's Jewellery Shop.
  1995 | D:3      | Reached XP level 4. HP: 26/27 MP: 4/4
  2212 | D:3      | Noticed Natasha
  2227 | D:3      | Killed Natasha
  2228 | D:3      | Reached skill level 1 in Armour
  2614 | D:3      | Reached XP level 5. HP: 31/31 MP: 5/5
  2642 | D:3      | Noticed Natasha
  2656 | D:3      | Killed Natasha
  2657 | D:3      | Reached skill level 5 in Staves
  3367 | D:4      | Noticed a water moccasin
  3387 | D:4      | Killed a water moccasin
  3388 | D:4      | Reached XP level 6. HP: 17/36 MP: 6/6
  3480 | D:4      | Reached skill level 6 in Staves
  3611 | D:4      | Reached XP level 7. HP: 32/41 MP: 7/7
  3676 | D:4      | Reached skill level 7 in Staves
  3735 | D:4      | Found a glowing drain.
  3742 | Sewer    | Entered a sewer
  4923 | D:5      | Entered Level 5 of the Dungeon
  5057 | D:5      | Found Uquashaq's Book Emporium.
  5214 | D:5      | Reached XP level 8. HP: 46/46 MP: 8/8
  5289 | D:5      | Reached skill level 8 in Staves
  6144 | D:6      | Noticed a yak
  6144 | D:6      | Noticed a yak
  6144 | D:6      | Noticed a yak
  6145 | D:6      | Noticed a yak
  6165 | D:6      | Killed a yak
  6166 | D:6      | Reached skill level 5 in Armour
  6177 | D:6      | Killed a yak
  6178 | D:6      | Reached skill level 9 in Staves
  6192 | D:6      | Killed a yak
  6193 | D:6      | Reached XP level 9. HP: 21/52 MP: 9/9
  6418 | D:6      | Found a staircase to the Ecumenical Temple.
  6423 | Temple   | Entered the Ecumenical Temple
  6463 | Temple   | Became a worshipper of the Wu Jian Council
  6582 | D:6      | Found Poompig's Antique Weapon Boutique.
  6692 | D:6      | Noticed Sigmund
  6703 | D:6      | Killed Sigmund
  6710 | D:6      | Reached skill level 10 in Staves
  7213 | D:7      | Noticed Dowan
  7214 | D:7      | Killed Dowan
  7215 | D:7      | Noticed Duvessa
  7231 | D:7      | Killed Duvessa
  8332 | D:8      | Noticed Grum
  8351 | D:8      | Reached skill level 11 in Staves
  8359 | D:8      | Reached skill level 5 in Fighting
  8359 | D:8      | Reached XP level 10. HP: 59/59 MP: 10/10
  8362 | D:8      | Reached * piety under Wu Jian
  8369 | D:8      | Killed Grum
  8385 | D:8      | Noticed Harold
  8399 | D:8      | Killed Harold
  8705 | D:8      | Reached skill level 12 in Staves
  8819 | D:8      | Found a hazy altar of Hepliaklqana.
  8915 | D:8      | Noticed Joseph
  8931 | D:8      | Killed an unseen horror
  8931 | D:8      | Reached ** piety under Wu Jian
  8941 | D:8      | Killed Joseph
 10012 | D:9      | Reached skill level 13 in Staves
 10062 | D:9      | Reached *** piety under Wu Jian
 10063 | D:9      | Reached XP level 11. HP: 64/64 MP: 11/11
 10206 | D:9      | Found a staircase to the Orcish Mines.
 10672 | D:10     | Entered Level 10 of the Dungeon
 10867 | D:10     | Found a staircase to the Lair.
 10981 | D:10     | Reached **** piety under Wu Jian
 10984 | D:10     | HP: 3/66 [meliai/divine providence (13)]
 10986 | D:10     | HP: 1/66 [meliai/+0 hand axe of electrocution (2)]
 10986 | D:10     | Slain by a meliai

Illustrated notes

Levels and vault maps discovered:
D:1:      dpeg_arrival_pits, layout_loops_ring,
          dreamdust_ecumenical_altar_angels_and_demons
D:2:      layout_loops_corners, serial_shops, nicolae_shop_crystal
D:3:      layout_basic, uniq_natasha
D:4:      layout_cave_pools, portal_sewer_entry_e
D:5:      layout_loops_ring, serial_shops, shop
D:6:      layout_basic, temple_doors_ab, serial_shops, nicolae_shop_trees,
          uniq_sigmund
D:7:      layout_basic, grunt_ministairs_5, uniq_duvessa
D:8:      layout_rooms, lemuel_crystal_altar, special_room [special_room_orc],
          uniq_joseph, uniq_harold, uniq_grum
D:9:      layout_roguey, david_orc_4, kennysheep_opposing_triangles
D:10:     layout_basic, minmay_lair_entry_grove, serial_curves, eino_curves_01,
          eino_curves_03, eino_curves_02, uniq_sonja
Temple:   kilobyte_greek_temple

Skill      XL: |  1  2  3  4  5  6  7  8  9 10 11 |
---------------+----------------------------------+-----
Staves         | 4 5 6 7 9 11 13 | 13.9
Armour         | 1 2 3 5 7 8 9 |  9.4
Fighting       | 3 4 5 6 |  6.6
Dodging        | 3 |  3.9
Throwing       | |  1.9

Action                   |  1- 3 |  4- 6 |  7- 9 | 10-12 || total
-------------------------+-------+-------+-------+-------++-------
Melee: Quarterstaff      |    99 |   105 |   398 |   372 ||   974
Throw: Throwing net      |       |     1 |       |       ||     1
Invok: Lunge             |       |       |    11 |    43 ||    54
       Whirlwind         |       |       |       |    11 ||    11
       Serpent's Lash    |       |       |       |     1 ||     1
  Use: Scroll            |     8 |     1 |    11 |     4 ||    24
       Potion            |       |     1 |     1 |     3 ||     5
 Stab: Distracted        |       |       |       |     2 ||     2
Armor: Leather armour    |    23 |       |       |       ||    23
       Ring mail         |     3 |    56 |       |       ||    59
       Chain mail        |       |     5 |   260 |   151 ||   416
Dodge: Dodged            |    76 |    78 |   175 |   149 ||   478
